 Dungeon Crawl Stone Soup version 0.24.1-14-gf8d2b509d9 (webtiles) character file.

Game seed: 13917665984058955891, levelgen mode: deterministic

219 Mrkz the Covert (level 5, -7/27 HPs)
             Began as a Spriggan Assassin on Oct 17, 2022.
             Mangled by an orc warrior
             ... wielding a +0 scimitar
              (8 damage)
             ... on level 6 of the Dungeon.
             The game lasted 00:12:44 (2613 turns).

Mrkz the Covert (Spriggan Assassin)                 Turns: 2613, Time: 00:12:44

Health: -7/27      AC:  3    Str:  7    XL:     5   Next: 64%
Magic:  15/15      EV: 19    Int: 13    God:
Gold:   167        SH:  0    Dex: 18    Spells: 4/4 levels left

rFire    . . .     SeeInvis +   a - +3 dagger
rCold    . . .     Gourm    .   (shield restricted)
rNeg     . . .     Faith    .   b - +0 robe
rPois    .         Spirit   .   (helmet restricted)
rElec    .         Reflect  .   c - +0 cloak
rCorr    .         Harm     .   (gloves unavailable)
MR       .....                  (boots unavailable)
Stlth    ++++......             (no amulet)
HPRegen  0.09/turn              k - ring of magical power
MPRegen  0.14/turn              (no ring)

@: very slightly contaminated, very quick
A: very small, unfitting armour, see invisible, herbivore, speed 3, slow
metabolism 2
a: no special abilities


You were on level 6 of the Dungeon.
You were not hungry.

You visited 1 branch of the dungeon, and saw 4 of its levels.

You collected 167 gold pieces.

Inventory:

Hand Weapons
 a - a +3 dagger (weapon)
Missiles
 g - a boomerang
 r - 3 poisoned darts (quivered)
Armour
 b - a +0 robe (worn)
 c - a +0 cloak (worn)
Jewellery
 k - a ring of magical power (left hand)
Wands
 n - a wand of enslavement (9)
Scrolls
 h - 3 scrolls of identify
 m - a scroll of remove curse
Potions
 i - a potion of lignification {unknown}
 j - 2 potions of haste
 o - a potion of curing
 p - a potion of flight {unknown}
 s - a potion of mutation {unknown}
 t - a potion of agility {unknown}
 u - a potion of magic {unknown}
 v - a potion of resistance
Comestibles
 f - 6 rations


   Skills:
 * Level 2.6 Fighting
 * Level 3.1 Short Blades
 + Level 2.5 Throwing
 * Level 3.3 Dodging
 * Level 8.2 Stealth


You had 4 spell levels left.
You didn't know any spells.
Your spell library was empty.

Dungeon Overview and Level Annotations

Branches:
Dungeon (3/15)

Altars:
Ashenzari
Qazlal
Zin

Shops:
D:2 *


Innate Abilities, Weirdness & Mutations

You are very small and have problems with some larger weapons.
You are too small for most types of armour.
You have supernaturally acute eyesight. (SInv)
You are a herbivore.
You cover ground extremely quickly.
You need to consume almost no food.


Message History

The orc is lightly wounded.
The orc warrior completely misses you. The orc completely misses you.
Throwing (i - inventory. (/) - cycle)
r - 4 poisoned darts (quivered)
Press: ? - help, Shift-Dir - straight line, f - orc
Aim: an orc, wielding a +0 flail and wearing a +0 leather armour (lightly wounded)
You throw a poisoned dart. The poisoned dart hits the orc.
The orc is poisoned.
The orc is lightly wounded.
You barely miss the orc.
The orc is lightly wounded.
The orc warrior completely misses you. The orc hits you but does no damage.
As you read the scroll labeled BIHIAV CESA, it crumbles to dust.
It is a scroll of enchant weapon.
Your +2 dagger glows red for a moment.
The orc warrior hits you with a +0 scimitar!
* * * LOW HITPOINT WARNING * * *
The orc barely misses you.
You hit the orc.
The orc is heavily wounded.
The orc warrior hits you with a +0 scimitar!
You die...

####
..#
>.#
...
#.#
#o#
#o#
#@#
#o#
#o#
#n#
#.#
.#
#.#
.....
#.#
...#
#.###
...#
#...#


You could see an orc warrior, a necrophage and 3 orcs.

Vanquished Creatures
  Natasha (thrice) (D:3)
  An iguana (D:3)
  4 adders
  An ooze (D:2)
  2 worms (D:2)
  A dart slug (D:1)
  3 ball pythons
  6 giant cockroaches
  12 goblins
  7 hobgoblins
  4 jackals (D:2)
  7 kobolds
  A quokka (D:3)
  9 bats
  3 frilled lizards
  9 rats
73 creatures vanquished.

Notes
Turn   | Place    | Note
-------+----------+-------------------------------------------
     0 | D:1      | Mrkz the Spriggan Assassin began the quest for the Orb.
     0 | D:1      | Reached XP level 1. HP: 10/10 MP: 2/2
   191 | D:1      | Reached skill level 6 in Stealth
   257 | D:1      | Reached XP level 2. HP: 12/15 MP: 3/3
   462 | D:1      | You fall into a shaft and drop 1 floor!
   472 | D:2      | Reached XP level 3. HP: 18/18 MP: 4/4
   591 | D:2      | Found Zin's Purification Station.
   593 | D:2      | Found a glowing silver altar of Zin.
   620 | D:2      | Found a stormy altar of Qazlal.
   847 | D:2      | Found a shattered altar of Ashenzari.
   971 | D:2      | Reached skill level 7 in Stealth
  1320 | D:1      | Reached XP level 4. HP: 23/23 MP: 5/5
  2038 | D:3      | Noticed Natasha
  2041 | D:3      | Killed Natasha
  2041 | D:3      | Reached XP level 5. HP: 27/27 MP: 6/6
  2157 | D:3      | Noticed Natasha
  2173 | D:3      | Killed Natasha
  2476 | D:3      | Noticed Natasha
  2486 | D:3      | Killed Natasha
  2486 | D:3      | Reached skill level 8 in Stealth
  2574 | D:3      | You fall into a shaft and drop 3 floors!
  2574 | D:6      | Noticed a centaur
  2574 | D:6      | Noticed an orc warrior
  2604 | D:6      | Noticed a necrophage
  2604 | D:6      | Noticed an orc warrior
  2612 | D:6      | HP: 1/27 [orc warrior/+0 scimitar (10)]
  2613 | D:6      | Mangled by an orc warrior

Levels and vault maps discovered:
D:1:      roderic_chinese_lattice_arrival, layout_basic
D:2:      minmay_recursive_quarters, layout_basic, grunt_qazlal_clouds,
          zin_purify, first_ration, evilmike_ruin_ashenzari
D:3:      layout_basic, grunt_decor_clamped, uniq_natasha
D:6:      layout_basic, lemuel_crystal_altar, kennysheep_mini,
          uniq_blork_the_orc, uniq_crazy_yiuf_cottage

Skill      XL: |  1  2  3  4  5 |
---------------+----------------+-----
Stealth        | 6 7 8 |  8.2
Fighting       | 2 |  2.6
Dodging        | 2 3 |  3.3
Short Blades   | 3 |  3.1
Throwing       | |  2.5

Action                   |  1- 3 |  4- 6 || total
-------------------------+-------+-------++-------
Melee: Dagger            |    88 |    83 ||   171
Throw: Dart              |    20 |    24 ||    44
       Boomerang         |     2 |     5 ||     7
  Use: Scroll            |     5 |     3 ||     8
 Stab: Sleeping          |    13 |     9 ||    22
       Distracted        |       |     1 ||     1
Armor: Robe              |     7 |     3 ||    10
Dodge: Dodged            |    62 |    65 ||   127
